Map: Orbital Shipyard

Players

lesha - Winner!

  • Race: Terran Terran
  • League: Silver

WhiteNight

  • Race: Terran Terran
  • League: Silver

VOD

Have the link to the VOD?

Description

Time

  • Played on: Dec. 24, 2015, 10:06 a.m.
  • Length: 12:07
Show
View Real Time Build Order
Export as new Build Order

lesha Terran - Winner!

Build Orders: Liberator Opening, MMM Bio 

Get SALT Encoding   

  12  0:01  SCV  
  13  0:14  SCV  
  14  0:19  Supply Depot  
  14  0:26  SCV  
  15  0:40  SCV  
  15  0:42  Barracks  
  16  0:50  Refinery  
  16  0:53  SCV  
  17  1:05  SCV  
  18  1:17  SCV, Refinery  
  19  1:31  Marine  
  20  1:39  Orbital Command  
  20  1:49  Marine  
  20  1:52  Command Center  
  21  2:07  Marine  
  22  2:10  Factory  
  22  2:20  SCV  
  23  2:31  Supply Depot  
  23  2:43  Barracks  
  23  2:53  SCV  
  24  2:58  Barracks Reactor  
  24  3:05  SCV  
  25  3:08  Starport  
  25  3:14  Factory Tech Lab  
  25  3:20  Orbital Command  
  25  3:21  SCV  
  26  3:30  Liberator  
  26  3:31  Supply Depot  
  26  3:33  SCV  
  27  3:34  Supply Depot  
  27  3:41  Barracks Tech Lab  
  30  3:50  Marine x2  
  32  3:58  SCV x2  
  34  4:09  Refinery  
  34  4:10  SCV x2, Marine x2  
  34  4:11  Refinery  
  34  4:15  Stimpack  
  38  4:26  SCV x2, Barracks  
  38  4:29  Marine x2  
  42  4:33  Marine  
  42  4:38  SCV x2  
  45  4:42  Starport Reactor  
  45  4:57  Marine x3  
  48  5:06  Supply Depot  
  48  5:08  Supply Depot  
  48  5:28  Marine x3  
  48  5:34  Command Center  
  51  5:42  Marine  
  51  5:46  Marine  
  53  5:56  Barracks Reactor, Barracks  
  50  6:12  Medivac x2  
  50  6:13  Marine x3  
  46  6:31  Marine x3  
  46  6:32  Marine  
  49  6:35  Marine  
  50  6:44  Barracks  
  50  6:45  Siege Tank  
  53  6:47  Barracks Reactor  
  53  6:49  Marine x3  
  53  6:50  Marine  
  53  6:51  Medivac x2  
  53  6:53  Marine  
  62  7:03  SCV  
  62  7:05  SCV  
  62  7:06  Marine  
  62  7:07  Orbital Command, Marine x2  
  62  7:08  Marine  
  68  7:10  Marine  
  68  7:15  SCV  
  69  7:17  SCV  
  60  7:29  Marine x4  
  62  7:30  Marine x4  
  62  7:32  Medivac x2  
  71  7:47  Marine x2  
  71  7:49  SCV x3  
  76  7:53  Marine x4  
  76  7:54  Marine x2  
  82  8:02  Engineering Bay  
  82  8:03  Engineering Bay  
  82  8:05  Armory, Marine  
  83  8:15  Marine  
  83  8:16  Marine  
  85  8:22  Marine x6  
  85  8:26  Orbital Command  
  91  8:27  Supply Depot  
  91  8:28  Supply Depot  
  91  8:29  Supply Depot  
  91  8:33  Marine x2  
  93  8:48  Marine x4  
  93  8:49  SCV x2  
  99  9:01  SCV x2  
  85  9:13  SCV  
  85  9:15  Marine x2  
  85  9:16  Marine x6  
  92  9:25  SCV x2  
  92  9:26  SCV  
  95  9:33  Marine x4  
  95  9:37  Terran Infantry Weapons Level 1, Terran Infantry Armor Level 1, SCV  
  95  9:38  SCV x2, Combat Shields  
  102  9:49  Marine  
  102  9:50  SCV x3, Marine x2  
  102  9:51  Medivac x2, Marine  
  114  9:53  Marine x3  
  114  9:56  Barracks Reactor  
  116  10:02  SCV  
  117  10:16  Supply Depot x2  
  117  10:18  Supply Depot  
  117  10:19  Supply Depot  
  117  10:20  Supply Depot  
  117  10:37  SCV, Marine x7  
  117  10:38  SCV x2, Medivac x2  
  117  10:41  Marine x2  
  134  10:50  SCV x3  
  134  10:55  Marine x7  
  143  10:58  Marine  
  143  10:59  Marine  
  143  11:02  SCV x2  
  147  11:08  Medivac x2  
  151  11:13  Marine  
  137  11:33  SCV  
  137  11:34  SCV x2  
  137  11:35  Marine x8  
  137  11:36  Marine  
  149  11:46  SCV x3  
Show
View Real Time Build Order
Export as new Build Order

WhiteNight Terran 

Build Orders: MMM Bio 

Get SALT Encoding   

  12  0:02  SCV  
  13  0:20  SCV  
  14  0:28  Supply Depot  
  14  0:32  SCV  
  15  0:51  Barracks  
  15  0:58  SCV  
  15  0:59  Barracks  
  16  1:06  Refinery  
  16  1:10  SCV  
  17  1:23  SCV  
  18  1:28  Barracks  
  18  1:35  SCV  
  19  1:41  Marine  
  19  1:46  Supply Depot  
  20  1:48  Marine  
  21  2:01  SCV  
  22  2:03  Marine  
  22  2:04  Supply Depot  
  23  2:12  Marine  
  24  2:15  Barracks Tech Lab  
  24  2:20  Orbital Command  
  24  2:33  Marine  
  24  2:35  Marine  
  26  2:37  Refinery  
  26  2:40  Stimpack  
  26  2:48  SCV  
  27  2:53  Marine  
  27  2:58  Marauder  
  30  3:00  Barracks Reactor  
  30  3:04  SCV  
  31  3:12  Marine  
  32  3:19  Marauder  
  34  3:29  Command Center  
  34  3:34  Marine  
  35  3:37  Marine x2  
  37  3:42  SCV  
  38  3:54  SCV  
  39  4:04  Barracks  
  39  4:20  Supply Depot  
  39  4:40  SCV, Concussive Shells, Marine x3  
  39  4:41  Marauder  
  39  4:42  Supply Depot  
  45  4:46  Factory  
  45  4:58  Marine x3  
  48  5:00  Engineering Bay  
  48  5:02  Marauder  
  50  5:08  Marine  
  51  5:16  Marine x2  
  53  5:23  Marauder  
  53  5:36  Marine x3  
  55  5:44  Missile Turret  
  55  6:08  Missile Turret  
  55  6:11  Orbital Command  
  45  6:36  Marauder, Marine x2  
  45  6:38  Factory Tech Lab  
  49  6:46  Starport  
  49  6:50  SCV, Refinery  
  50  7:02  SCV  
  50  7:06  Missile Turret  
  50  7:07  Supply Depot  
  35  7:30  Marauder, Marine x3  
  43  7:37  Siege Tank  
  43  7:39  Barracks Reactor  
  43  7:40  Starport Reactor  
  43  7:42  SCV  
  44  7:44  Supply Depot  
  44  7:54  SCV  
  45  8:07  SCV  
  45  8:09  Command Center  
  45  8:10  Marauder, Marine x2  
  50  8:16  Medivac x2  
  50  8:19  SCV  
  55  8:25  Refinery  
  55  8:29  Liberator  
  55  8:34  SCV  
  56  8:39  SCV  
  57  8:46  SCV  
  61  8:51  SCV  
  56  9:07  Liberator  
  48  9:12  Liberator  
  48  9:23  Starport  
  48  9:29  Missile Turret  
  48  9:30  Siege Tank  
  57  9:32  Marauder, Marine x3  
  57  9:34  Marine x2  
  57  9:37  Orbital Command  
  64  9:40  Refinery  
  64  9:42  SCV  
  65  9:47  Supply Depot  
  65  9:50  Marine  
  66  9:54  SCV, Marauder  
  66  9:56  SCV  
  66  9:57  Liberator  
  66  9:58  Liberator  
  70  10:08  SCV  
  70  10:09  SCV  
  70  10:12  Starport Tech Lab  
  72  10:19  SCV  
  72  10:20  SCV  
  72  10:21  SCV  
  81  10:31  SCV  
  81  10:32  SCV  
  81  10:33  SCV  
  81  10:35  Supply Depot  
  84  10:40  Marine x3  
  84  10:41  Marauder  
  89  10:42  Combat Shields  
  89  10:43  SCV  
  89  10:44  SCV  
  89  10:45  SCV  
  92  10:56  SCV x2  
  94  11:08  SCV  
  49  11:35  Marauder, Marine x4  
  49  11:36  Marine  
Tags
 
Add a new tag
Caveats
  • Supply blocks, unpowered buildings, or Contaminate may cause inaccurate times.
  • Supply counts are checked every 10 seconds.